Map: Станция Проксима РВ

Players

Anthodeus

  • Race: Zerg Zerg
  • League: Master
  • Spawn Location: 7:00

RichieRich - Winner!

  • Race: Terran Terran
  • League: Master
  • Spawn Location: 1:00

VOD

Have the link to the VOD?

Description

Time

  • Played on: Feb. 20, 2017, 12:44 p.m.
  • Length: 7:12
Show
View Real Time Build Order
Export as new Build Order

Anthodeus Zerg 

Build Orders: Pool First, Ravager All-In 

Get SALT Encoding   

  12  0:06  Drone  
  13  0:08  Drone  
  14  0:16  Overlord  
  14  0:26  Extractor  
  13  0:37  Spawning Pool  
  13  0:40  Drone  
  13  0:44  Drone  
  13  0:48  Drone  
  15  0:53  Drone  
  16  1:23  Zergling x2  
  16  1:24  Zergling x2  
  16  1:25  Zergling x2, Queen  
  21  1:58  Hatchery  
  21  2:04  Roach Warren  
  20  2:09  Overlord  
  20  2:11  Drone x2  
  21  2:36  Overlord  
  21  2:45  Roach x4  
  21  2:50  Extractor  
  28  2:56  Roach  
  29  3:07  Roach x2  
  29  3:08  Roach  
  35  3:19  Roach  
  37  3:37  Overlord  
  37  3:39  Overlord  
  37  3:51  Ravager  
  38  3:56  Ravager x3  
  41  4:03  Roach x2  
  41  4:09  Ravager  
  46  4:17  Ravager  
  37  4:40  Roach x3  
  35  4:54  Ravager  
  35  4:57  Zergling x6  
  39  5:20  Drone x2  
  41  5:35  Ravager x2  
  43  6:04  Roach  
  43  6:05  Overlord x2  
  45  6:27  Roach x2  
  45  6:30  Ravager x3  
  43  6:52  Roach x3  
Show
View Real Time Build Order
Export as new Build Order

RichieRich Terran - Winner!

Build Orders: Reaper Expand, MMM Bio 

Get SALT Encoding   

  12  0:00  SCV  
  13  0:13  SCV  
  14  0:18  Supply Depot  
  14  0:25  SCV  
  15  0:40  SCV  
  15  0:41  Barracks  
  16  0:46  Refinery  
  16  0:52  SCV  
  17  1:04  SCV  
  18  1:16  SCV  
  19  1:29  Orbital Command, Reaper  
  20  1:44  Command Center  
  20  1:57  Barracks  
  20  2:01  Barracks Reactor  
  20  2:03  SCV  
  21  2:15  SCV  
  22  2:17  Supply Depot  
  21  2:24  Refinery  
  21  2:27  SCV  
  22  2:39  SCV  
  22  2:42  Marine x2  
  22  2:43  Factory  
  25  2:47  Barracks Tech Lab  
  25  2:51  SCV  
  26  2:58  Orbital Command  
  26  3:03  SCV  
  26  3:05  Marine x2  
  29  3:11  Stimpack  
  29  3:22  Marauder, Bunker  
  29  3:25  SCV  
  32  3:29  Factory Tech Lab  
  32  3:32  SCV  
  33  3:38  Marine x2  
  33  3:41  SCV  
  36  3:46  SCV  
  37  3:49  Supply Depot  
  37  3:53  SCV  
  37  3:55  Siege Tank  
  41  4:00  Bunker  
  41  4:01  SCV  
  42  4:05  Marine, SCV  
  42  4:09  Marine  
  44  4:13  SCV  
  45  4:19  Supply Depot  
  44  4:41  Siege Tank  
  44  4:43  Barracks Reactor  
  44  4:44  SCV x2  
  45  4:56  SCV x2  
  46  5:00  Supply Depot  
  46  5:06  Starport  
  46  5:09  Supply Depot  
  46  5:13  Refinery  
  46  5:22  Siege Tank, SCV x2  
  46  5:26  Engineering Bay  
  46  5:28  Engineering Bay  
  51  5:34  SCV x2  
  53  5:46  SCV x2  
  53  5:47  Marine x3  
  53  5:48  Combat Shields  
  53  5:49  Starport Reactor  
  58  5:54  Siege Tank  
  60  6:00  SCV x2  
  62  6:07  Refinery  
  62  6:10  Barracks  
  62  6:11  Barracks  
  62  6:12  Barracks  
  62  6:17  Supply Depot, SCV  
  62  6:19  SCV  
  50  6:36  Marauder, Marine x2  
  48  6:54  Marine, SCV  
  48  6:59  SCV  
Tags
 
Add a new tag
Caveats
  • Supply blocks, unpowered buildings, or Contaminate may cause inaccurate times.
  • Supply counts are checked every 10 seconds.